 Dungeon Crawl Stone Soup version 0.16-a0-3652-g8567522 (webtiles) character file.

1843 Gronka the Covered (level 8, -4/71 HPs)
             Began as a Minotaur Fighter on Jan 16, 2015.
             Slain by an ice beast (9 damage)
             ... summoned by ketsa's ghost
             ... on level 7 of the Dungeon.
             The game lasted 00:22:01 (5044 turns).

Gronka the Covered (Minotaur Fighter)               Turns: 5044, Time: 00:22:03

Health: -4/71      AC: 10    Str: 23    XL:     8   Next: 87%
Magic:  3/3        EV:  8    Int:  5    God:
Gold:   283        SH: 11    Dex: 10    Spells: 0 memorised, 7 levels left

rFire  . . .     SeeInvis .     a - +0 trident
rCold  . . .     Clarity  .     o - +0 chain mail
rNeg   + . .     SustAb   .     c - +0 shield
rPois  .         Gourm    .     (helmet restricted)
rElec  .         Spirit   .     (no cloak)
rCorr  .         Warding  .     (no gloves)
rMut   +         Stasis   .     (no boots)
MR     .....                    A - amulet of resist mutation
Stlth  ..........               (no ring)
                                y - ring of positive energy

@: not resistant to hostile enchantments, extremely unstealthy
A: retaliatory headbutt, horns 2
a: no special abilities


You were on level 7 of the Dungeon.
You were not hungry.

You visited 1 branch of the dungeon, and saw 7 of its levels.
You also visited: Sewer.

You collected 283 gold pieces.

Inventory:

Hand weapons
 a - a +0 trident (weapon)
Armour
 b - a +0 scale mail
 c - a +0 shield (worn)
 o - a +0 chain mail (worn)
Jewellery
 y - a ring of positive energy (left hand)
 A - an amulet of resist mutation (around neck)
 C - a +1 ring of intelligence
 F - an uncursed ring of wizardry
Scrolls
 g - 4 scrolls of identify
 i - 2 scrolls of teleportation
 j - 3 scrolls of remove curse
 k - 2 scrolls of recharging {unknown}
 m - 4 scrolls of fog
 p - a scroll of random uselessness {unknown}
 x - a scroll of immolation {unknown}
 z - 2 scrolls of blinking {unknown}
 G - a scroll of magic mapping {unknown}
 I - a scroll of enchant weapon {unknown}
Potions
 e - a potion of might
 f - 2 potions of brilliance {unknown}
 h - 2 potions of agility
 l - a potion of restore abilities
 q - a potion of ambrosia {unknown}
 r - 2 potions of haste {unknown}
 s - 2 potions of berserk rage {unknown}
 u - a potion of resistance {unknown}
 w - 2 potions of cure mutation {unknown}
 B - 2 potions of lignification {unknown}
 E - a potion of degeneration {unknown}
 J - a potion of beneficial mutation {unknown}
Books
 H - a book of the Dragon

   Spells                             Type                      Level
   a - Flight                         Charms/Air                   3
   b - Cause Fear                     Hexes                        4
   c - Bolt of Fire                   Conjuration/Fire             6
   d - Dragon Form                    Transmutation                7
   e - Dragon's Call                  Summoning                    9
Comestibles
 d - 4 bread rations
 n - 6 fruits
 t - 3 meat rations
 v - a royal jelly


   Skills:
 + Level 6.5 Fighting
 + Level 6.5 Polearms
 + Level 7.9 Armour
 + Level 5.1 Dodging
 + Level 0.8 Stealth
 + Level 7.1 Shields


You had 7 spell levels left.
You didn't know any spells.

Dungeon Overview and Level Annotations

Branches:
Dungeon (7/15)
 Temple: D:4-7

Altars:
Xom
The Shining One

Annotations:
D:7 ketsa's ghost, experienced DEIE


Innate Abilities, Weirdness & Mutations

You reflexively headbutt those who attack you in melee.
You have a pair of horns on your head.


Message History

You block the ice beast's attack.
You hit ketsa's ghost.
Ketsa's ghost is heavily damaged.
You block ketsa's ghost's attack. The ice beast closely misses you.
You furiously retaliate!
You headbutt the ice beast. The ice beast barely misses you.
You furiously retaliate!
You headbutt the ice beast! You block the ice beast's attack.
You barely miss ketsa's ghost.
Ketsa's ghost is heavily damaged.
Ketsa's ghost barely misses you. The ice beast hits you.
The ice beast freezes you!
* * * LOW HITPOINT WARNING * * *
The ice beast hits you.
* * * LOW HITPOINT WARNING * * *
The ice beast freezes you!
* * * LOW HITPOINT WARNING * * *
The ice beast hits you.
* * * LOW HITPOINT WARNING * * *
The ice beast freezes you!
You die...

.........#
............##.#
.............##.#
..............##.#
...............##.#
..........)....##.#
...............##.#
.......Y........##.#
.......W@.......##.#
.......YY.......##.#
..................# #
...............#########
........................
#######################
#######.....<#
#####....##.###..#
#........##.###..#


You could see 3 ice beasts and ketsa's ghost.

Vanquished Creatures
  Grinder (D:6)
  A hungry ghost (D:4)
  5 ogres
  An ice beast (D:6)
  3 giant frogs
  A goliath beetle (D:6)
  2 hounds
  A quasit (D:5)
  An orc priest (D:5)
  A jelly (D:5)
  Crazy Yiuf (D:6)
  An iguana (D:5)
  3 orc wizards
  3 worker ants
  A hound skeleton (D:7)
  3 worker ant zombies
  Robin (D:2)
  9 adders
  9 giant mites
  5 worms
  7 giant geckos
  12 oozes
  15 orcs
  12 bats
  13 giant cockroaches
  10 goblins
  18 hobgoblins
  2 jackals (D:3)
  4 quokkas
  12 ball pythons
  11 giant newts
  2 goblin skeletons (D:5)
  5 hobgoblin zombies (D:5)
  14 kobolds
  A kobold skeleton (D:5)
  2 kobold zombies (D:5)
  An orc zombie (D:5)
  A quokka skeleton (D:4)
  11 rats
206 creatures vanquished.

Vanquished Creatures (others)
  Eustachio (D:6)
  A worker ant (D:6)
  2 bats (D:6)
  A kobold (D:6)
5 creatures vanquished.

Grand Total: 211 creatures vanquished

Notes
Turn   | Place    | Note
--------------------------------------------------------------
     0 | D:1      | Gronka, the Minotaur Fighter, began the quest for the Orb.
     0 | D:1      | Reached XP level 1. HP: 19/19 MP: 1/1
   276 | D:1      | Reached XP level 2. HP: 27/27 MP: 1/1
   283 | D:1      | Reached skill level 4 in Armour
   655 | D:2      | Reached XP level 3. HP: 33/33 MP: 2/2
   666 | D:2      | Noticed Robin
   727 | D:2      | Killed Robin
   822 | D:2      | Reached XP level 4. HP: 40/40 MP: 2/2
   882 | D:2      | Reached skill level 1 in Dodging
  1080 | D:3      | Reached skill level 5 in Armour
  1497 | D:3      | Reached XP level 5. HP: 32/46 MP: 2/2
  1805 | D:4      | Noticed an ogre
  1815 | D:4      | Killed an ogre
  1858 | D:4      | Reached XP level 6. HP: 33/53 MP: 3/3
  1881 | D:4      | Noticed a hungry ghost
  1900 | D:4      | Killed a hungry ghost
  1900 | D:4      | Reached skill level 5 in Fighting
  1900 | D:4      | Reached skill level 5 in Shields
  2756 | D:5      | Entered Level 5 of the Dungeon
  2775 | D:5      | Reached skill level 6 in Armour
  2781 | D:5      | Found a glowing golden altar of the Shining One.
  2898 | D:5      | Reached XP level 7. HP: 54/61 MP: 3/3
  3094 | D:5      | Found a glowing drain.
  3107 | Sewer    | Entered a sewer
  3165 | Sewer    | Reached skill level 5 in Polearms
  3454 | Sewer    | Reached skill level 7 in Armour
  3531 | D:5      | Reached XP level 8. HP: 44/68 MP: 3/3
  3764 | D:6      | Killed Eustachio
  4171 | D:6      | Found a shimmering altar of Xom.
  4368 | D:6      | Noticed Grinder
  4433 | D:6      | Killed Grinder
  4643 | D:6      | Noticed Crazy Yiuf
  4650 | D:6      | Killed Crazy Yiuf
  4748 | D:6      | Reached skill level 5 in Dodging
  5028 | D:7      | Noticed ketsa's ghost (experienced DEIE)
  5044 | D:7      | Slain by an ice beast

Action                   |  1- 3 |  4- 6 |  7- 9 || total
-------------------------+-------+-------+-------++-------
Melee: Trident           |   126 |   216 |   434 ||   776
  Use: Scroll            |     2 |     2 |     1 ||     5
       Potion            |     1 |       |     5 ||     6
  Eat: Bread ration      |       |     2 |     2 ||     4
